 Dungeon Crawl Stone Soup version 0.30.1-11-g7821555f0a (webtiles) character file.

Game seed: 398858553553984503

1124 MOCHET the Trooper (level 8, -3/62 HPs)
             Began as a Djinni Fire Elementalist on Dec 13, 2023.
             Was an Initiate of the Shining One.
             Slain by an orc warrior
             ... wielding a +0 dire flail
              (11 damage)
             ... on level 6 of the Dungeon.
             The game lasted 00:26:59 (6127 turns).

MOCHET the Trooper (Djinni Fire Elementalist)       Turns: 6127, Time: 00:27:00

Health: -3/62      AC: 12    Str:  7    XL:     8   Next: 61%
Gold:   345        EV: 14    Int: 18    God:    the Shining One [......] SH:  0 Dex: 15

rFire   + + .        (no weapon)
rCold   x . .        (no shield)
rNeg    . . .        t - +2 animal skin
rPois   ∞            y - +1 hat
rElec   .            (no cloak)
rCorr   .            n - +0 pair of gloves
SInv    .            (boots unavailable)
Will    .....        (no amulet)
Stlth   +            r - ring of wizardry
HPRegen 0.30/turn    (no ring)
MPRegen 0.00/turn

%: wizardry (x1), infuse magic (-4 HP)
@: ice-armoured, flying, very slightly contaminated, glowing
A: sickness immunity, fire resistance 2, cold vulnerability 1, float, innate
caster, HP casting, extra vitality 1
a: Renounce Religion


You were on level 6 of the Dungeon.
You worshipped the Shining One.
The Shining One was noncommittal.
You visited 2 branches of the dungeon, and saw 7 of its levels.

You collected 345 gold pieces.

Inventory:

Armour
 n - a +0 pair of gloves (worn)
 p - a +0 helmet
 t - a +2 animal skin (worn)
 y - a +1 hat (worn)
 A - a +2 hat
Jewellery
 r - a ring of wizardry (left hand)
Wands
 a - a wand of flame (6)
 u - a wand of digging (5)
 z - a wand of mindburst (11)
Scrolls
 d - a scroll of noise {unknown}
 f - 2 scrolls of amnesia {unknown}
 i - 6 scrolls of identify {unknown}
 k - a scroll of vulnerability {unknown}
 l - a scroll of fear {unknown}
 m - a scroll of magic mapping {unknown}
 q - a scroll of teleportation {unknown}
 s - a scroll of enchant weapon {unknown}
 w - 2 scrolls of enchant armour {unknown}
Potions
 b - 2 potions of lignification {unknown}
 c - a potion of flight {unknown}
 e - 3 potions of invisibility {unknown}
 g - 2 potions of attraction {unknown}
 h - a potion of cancellation {unknown}
 j - a potion of resistance {unknown}
 o - 4 potions of heal wounds {unknown}
 v - a potion of berserk rage {unknown}
 x - 2 potions of curing {unknown}


   Skills:
 * Level 6.5 Fighting
 + Level 5.6 Dodging
 - Level 1.8 Stealth
 + Level 4.4 Spellcasting


You knew the following spells:

 Your Spells              Type           Power      Damage    Failure   Level
a - Foxfire               Conj/Fire      76%        2x1d7     1%          1
b - Scorch                Fire           38%        2d7       1%          2
c - Volatile Blastmotes   Fire/Tloc      38%        2d13      2%          3
d - Inner Flame           Hex/Fire       19%        N/A       2%          3
e - Flame Wave            Conj/Fire      19%        2d7       9%          4
f - Beastly Appendage     Tmut           38%        N/A       1%          1
g - Passwall              Tmut/Erth      15%        N/A       1%          2
h - Ozocubu's Armour      Ice            19%        N/A       2%          3
Your spell library was empty.

Dungeon Overview and Level Annotations

Branches:
Dungeon (6/15)             Temple (1/1) D:4

Altars:
Ashenzari
Dithmenos
Fedhas
Hepliaklqana
Makhleb
Ru
Trog
Wu Jian
Xom
Yredelemnul
Zin
The Shining One


Innate Abilities, Weirdness & Mutations

You are immune to sickness and miasma.
You are immune to poison.
Your flesh is very heat resistant. (rF++)
You are vulnerable to cold. (rC-)
You float through the air rather than walking.
You learn spells naturally, not from books.
Your magical power is your life essence.
You have superior vitality. (+4 MHP)


Message History

Casting: Flame Wave (dangerous; 10% risk of failure)
Confirm with . or Enter, or press ? or * to list all spells.
Restarting spell: Flame Wave (dangerous; 10% risk of failure)
Press: ? - help, Dir - look around, f - activate Look: an orc warrior, wielding a +0 dire flail and wearing a +0 plate armour (heavily wounded)
You miscast Flame Wave.
Nothing appears to happen.
The orc barely misses you. The orc hits you but does no damage.
The orc warrior hits you with a +0 dire flail.
Casting: Flame Wave (dangerous; 10% risk of failure)
Confirm with . or Enter, or press ? or * to list all spells.
Casting: Flame Wave (dangerous; 10% risk of failure)
Press: ? - help, Dir - look around, f - activate Look: an orc warrior, wielding a +0 dire flail and wearing a +0 plate armour (heavily wounded)
A wave of flame ripples out!
The flame wave engulfs the orc warrior.
The orc warrior is heavily wounded.
The flame wave engulfs the orc!
You kill the orc!
The flame wave engulfs the orc!
You kill the orc! (Press . to intensify the flame waves.)
* * * LOW HITPOINT WARNING * * *
The orc warrior barely misses you.
Casting: Flame Wave (dangerous; 10% risk of failure)
Confirm with . or Enter, or press ? or * to list all spells.
Flames lash the hound.
The hound is moderately wounded.
The hound's fire resistance burns away.
* * * LOW HITPOINT WARNING * * *
The hound misses you. The orc warrior completely misses you.
The hound bites you but does no damage.
The orc warrior hits you with a +0 dire flail.
* * * LOW HITPOINT WARNING * * *
Casting: Scorch (safe; 1% risk of failure)
Confirm with . or Enter, or press ? or * to list all spells.
Flames lash the hound.
The hound is burned terribly!
You kill the hound!
* * * LOW HITPOINT WARNING * * *
The orc warrior closely misses you.
The orc warrior hits you with a +0 dire flail!
You die...

##......###.... ................
#............... #..............
##............. #.............#
#####..........#.. .♣.
#$$$#......o).##..# ...
##$######..)@..##..##..#####
#########.......#...##.#...##
#._.#...##......#....#)#.....
#...#...........#............
##.##................))......
#'#....##.............>....#
###......#................#.##
#.#......##...................
###.........###.................


You could see an orc warrior.

Vanquished Creatures
  A wyvern (D:6)
  Edmund (D:4)
  An orc warrior (D:6)
  2 black bears
  2 scorpions (D:5)
  2 hounds
  A jelly (D:6)
  Crazy Yiuf (D:4)
  Terence (D:3)
  5 iguanas
  Robin (D:4)
  4 gnolls (D:3)
  4 adders
  A shadow imp (D:5)
  2 worms
  3 dart slugs
  12 orcs
  5 bats
  5 endoplasms
  2 giant cockroaches
  13 goblins
  8 hobgoblins
  5 quokkas
  8 ball pythons
  2 frilled lizards (D:1)
  6 kobolds
  8 rats
106 creatures vanquished.

Vanquished Creatures (others)
  430 foxfires
430 creatures vanquished.

Grand Total: 536 creatures vanquished

Notes
Turn   | Place    | Note
-------+----------+-------------------------------------------
     0 | D:1      | MOCHET the Djinni Fire Elementalist began the quest for the
                  | Orb.
     0 | D:1      | MOCHET set off with the following spells memorised:
                  | Foxfire, Scorch, Volatile Blastmotes, Inner Flame, Flame
                  | Wave.
     0 | D:1      | Reached XP level 1. HP: 15/15 MP: 0/0
   359 | D:1      | Reached XP level 2. HP: 9/21 MP: 0/0
   815 | D:1      | Reached skill level 1 in Fighting
   851 | D:1      | Reached XP level 3. HP: 26/27 MP: 0/0
   851 | D:1      | Learned a level 1 spell: Beastly Appendage
  2037 | D:3      | Reached XP level 4. HP: 31/33 MP: 0/0
  2218 | D:3      | Reached skill level 2 in Fighting
  2458 | D:3      | Noticed Terence
  2476 | D:3      | Killed Terence
  2652 | D:3      | Reached XP level 5. HP: 37/39 MP: 0/0
  2652 | D:3      | Learned a level 2 spell: Passwall
  3134 | D:4      | Reached skill level 3 in Fighting
  3141 | D:4      | Noticed Robin
  3311 | D:4      | Killed Robin
  3375 | D:4      | Noticed Edmund
  3559 | D:4      | Reached XP level 6. HP: 41/46 MP: 0/0
  3816 | D:4      | Killed Edmund
  3817 | D:4      | Reached skill level 4 in Fighting
  4005 | D:4      | Noticed a black bear
  4026 | D:4      | Killed a black bear
  4027 | D:4      | Reached XP level 7. HP: 46/53 MP: 0/0
  4027 | D:4      | Learned a level 3 spell: Ozocubu's Armour
  4216 | D:4      | Found a runed translucent door.
  4217 | D:4      | Noticed Crazy Yiuf
  4368 | D:4      | Found a staircase to the Ecumenical Temple.
  4375 | Temple   | Entered the Ecumenical Temple
  4375 | Temple   | Found a transporter.
  4375 | Temple   | Found a transporter.
  4377 | Temple   | Found a transporter.
  4377 | Temple   | Found a transporter.
  4421 | Temple   | Became a worshipper of the Shining One
  4607 | D:4      | Killed Crazy Yiuf
  4731 | D:5      | Entered Level 5 of the Dungeon
  4907 | D:5      | Reached skill level 5 in Fighting
  5139 | D:5      | Found a sacrificial altar of Ru.
  5316 | D:5      | Reached XP level 8. HP: 25/60 MP: 0/0
  5323 | D:5      | Reached skill level 5 in Dodging
  5547 | D:5      | Identified the +0 robe "Quabudet" {rElec Will+ Int+3}
  5921 | D:6      | Reached skill level 6 in Fighting
  6086 | D:6      | Found a glowing silver altar of Zin.
  6110 | D:6      | Noticed a wyvern
  6121 | D:6      | Killed a wyvern
  6127 | D:6      | Slain by an orc warrior

Illustrated notes

Levels and vault maps discovered:
D:1:      nzn_arrival_settlement, layout_loops_corners, minmay_rat_gold_closets
D:2:      layout_rooms, hangedman_decor_riveting, minmay_misc_feat_diagonals,
          chequers_serial_rivers_room_b, nicolae_concentric_dashed_squares_mild,
          serial_bayou_pond_c
D:3:      layout_basic, st_stairs_7, uniq_terence
D:4:      layout_cave_pools, kiku_gazebo_garden_becter,
          minmay_temple_entry_statues_fountains, uniq_crazy_yiuf_cottage,
          uniq_edmund, uniq_robin
D:5:      layout_basic, nicolae_overflow_hidden_temple, hex_intersection
D:6:      layout_cave_pools, pdpol_temple_overflow_zin_treasury_gozag_greed,
          eat_drink_and_be_merry_uskayaw, serial_shops, shop,
          grunt_ministairs_14
Temple:   hellmonk_temple_divided_pantheon

Skill      XL: |  1  2  3  4  5  6  7  8 |
---------------+-------------------------+-----
Fighting       | 1 2 3 4 5 6 |  6.5
Dodging        | 3 4 5 |  5.6
Spellcasting   | 3 4 |  4.4
Stealth        | |  1.8

Action                     |  1- 3 |  4- 6 |  7- 9 || total
---------------------------+-------+-------+-------++-------
  Melee: Unarmed           |       |    21 |       ||    21
         Punch             |       |     2 |       ||     2
   Cast: Foxfire           |   127 |   106 |    27 ||   260
         Beastly Appendage |     1 |       |     2 ||     3
         Scorch            |       |    22 |    46 ||    68
         Volatile Blastmot |       |    10 |       ||    10
         Passwall          |       |     4 |       ||     4
         Ozocubu's Armour  |       |       |    10 ||    10
         Flame Wave        |       |       |     2 ||     2
  Evoke: Wand              |       |       |     2 ||     2
 Armour: Robe              |     7 |    11 |       ||    18
         Skin              |       |    11 |       ||    11
         Animal skin       |       |       |    49 ||    49
  Dodge: Dodged            |    24 |    49 |    72 ||   145
